 Dungeon Crawl Stone Soup version 0.29.1-2-gbd0b4ee654 (webtiles) character file.

Game seed: 12374120848895188419

67 GorkyZ the Trooper (level 4, -5/31 HPs)
             Began as a Demonspawn Fighter on Nov 19, 2022.
             Was a Believer of Hepliaklqana.
             Killed by divine providence
             ... invoked by an orc priest
              (11 damage)
             ... on level 3 of the Dungeon.
             The game lasted 00:05:41 (2225 turns).

GorkyZ the Trooper (Demonspawn Fighter)             Turns: 2225, Time: 00:05:42

Health: -5/31      AC: 12    Str: 18    XL:     4   Next: 0%
Magic:  4/4        EV:  6    Int:  9    God:    Hepliaklqana [**....]
Gold:   80         SH:  4    Dex: 13    Spells: 3/3 levels left

rFire   . . .      SeeInvis .   a - +0 flail
rCold   . . .      Faith    .   c - +0 buckler
rNeg    . . .      Spirit   .   g - +0 chain mail
rPois   .          Reflect  .   (no helmet)
rElec   .          Harm     .   i - +0 cloak
rCorr   .          Rampage  .   (no gloves)
Will    .....                   (no boots)
Stlth   ..........              (no amulet)
HPRegen 0.10/turn               (no ring)
MPRegen 0.09/turn               (no ring)

@: no status effects
A: reduced essence, slimy green scales 1
a: Renounce Religion, Ancestor Life: Knight, Ancestor Life: Battlemage, Ancestor
Life: Hexer, Recall Ancestor, Ancestor Identity


You were on level 3 of the Dungeon.
You worshipped Hepliaklqana.
Hepliaklqana was pleased with you.
You visited 1 branch of the dungeon, and saw 3 of its levels.

You collected 80 gold pieces.

Inventory:

Hand Weapons
 a - a +0 flail (weapon)
Armour
 b - a +0 scale mail
 c - a +0 buckler (worn)
 g - a +0 chain mail (worn)
 i - a +0 cloak (worn)
Jewellery
 m - the amulet "Ladupoif" {Reflect Harm rCorr Str-5 Dex+5 SH+5}
   (You found it on level 2 of the Dungeon)

   [amulet of reflection]

   It reflects blocked missile attacks.
   Str:       It affects your strength (-5).
   Dex:       It affects your dexterity (+5).
   rCorr:     It protects you from acid and corrosion.
   SH:        It affects your SH (+5).
   Harm:      It increases damage dealt and taken.
Scrolls
 e - 3 scrolls of identify {unknown}
 j - 2 scrolls of teleportation {unknown}
 k - a scroll of summoning {unknown}
 o - 2 scrolls of enchant armour {unknown}
 p - a scroll of magic mapping {unknown}
Potions
 d - a potion of might
 f - a potion of degeneration {unknown}
 h - a potion of flight {unknown}
 l - a potion of resistance {unknown}
 n - a potion of attraction {unknown}
 q - a potion of curing {unknown}


   Skills:
 + Level 3.5 Fighting
 + Level 2.4 Maces & Flails
 + Level 3.1 Armour
 + Level 3.2 Shields


You had 3 spell levels left.
You didn't know any spells.
Your spell library contained the following spells:

 Spells                   Type           Power      Damage    Failure   Level
 Slow                     Hex            0%         N/A       100%        1
 Confusing Touch          Hex            0%         N/A       100%        3
 Vampiric Draining        Necr           0%         2d6       100%        3


Dungeon Overview and Level Annotations

Branches:
Dungeon (3/15)

Altars:
Hepliaklqana


Innate Abilities, Weirdness & Mutations

Your life essence is reduced to manifest your ancestor. (-10% HP)
You are partially covered in slimy green scales. (AC +2)


Message History

The orc priest hits you but does no damage.
Zolin hits the orc.
The goblin shoots a sling bullet.
The sling bullet barely misses Zolin.
The sling bullet barely misses the orc.
The sling bullet hits you but does no damage.
The goblin shoots a sling bullet.
The sling bullet closely misses Zolin.
You block the sling bullet. The orc hits you with a +0 flail.
* * * LOW HITPOINT WARNING * * *
The orc priest hits you but does no damage.
You hear a shout! x2
You hit the orc priest.
The orc priest is moderately wounded.
Zolin closely misses the orc.
The goblin shoots a sling bullet.
The sling bullet closely misses Zolin.
The sling bullet hits the orc.
The orc dies!
A goblin comes into view. It is wielding a +0 club.
The orc priest miscasts a cantrip.
You hear a shout!
You have reached level 4!
You feel agile.
Zolin remembers more of his old skill.
You barely miss the orc priest.
The orc priest is moderately wounded.
The goblin shoots a sling bullet.
The sling bullet hits Zolin.
The orc priest hits you but does no damage.
The goblin shoots a sling bullet.
The sling bullet hits you but does no damage.
The goblin shoots a sling bullet.
The sling bullet hits you but does no damage.
The goblin shoots a sling bullet.
The sling bullet hits you but does no damage.
The goblin shoots a sling bullet.
The sling bullet hits you but does no damage.
You sock the orc priest!
The orc priest is severely wounded.
The goblin shoots a sling bullet.
The sling bullet hits you.
* * * LOW HITPOINT WARNING * * *
A goblin comes into view. It is wielding a +0 sling.
The orc priest mumbles some strange prayers to Beogh against you.
Beogh smites you!
You die...

#####################g'#
≈≈≈≈≈≈≈≈≈≈≈≈≈≈≈≈≈~~~....
≈~≈≈≈≈≈≈≈≈≈~≈≈≈≈≈~~.g...
~~~~~~~~~~~~~≈≈~~~g.....
.~~~~.~~..~~~~~~~.ggg...
.........!...)..gg......
.................)......
###..#..###.....@R###
#...#.# #....#o.......
...#.......##.#.#######
.##...###.####.#.#
##.##..... #.... #.##.[
.. #.### .## .#.. ..#
... #(# .## #..


You could see the friendly Zolin the ancestor, an orc priest (ally target), 2
hobgoblins and 6 goblins.

Vanquished Creatures
  3 dart slugs
  3 orcs (D:3)
  4 ball pythons
  5 bats
  2 endoplasms
  A giant cockroach (D:2)
  2 goblins (D:1)
  5 hobgoblins
  4 jackals
  4 kobolds
  A quokka (D:1)
  5 frilled lizards
  3 rats
42 creatures vanquished.

Vanquished Creatures (collateral kills)
  A worm (D:3)
  2 orcs (D:3)
  A hobgoblin (D:3)
  2 bats
  A rat (D:2)
7 creatures vanquished.

Vanquished Creatures (others)
  An orc (D:3)
1 creature vanquished.

Grand Total: 50 creatures vanquished

Notes
Turn   | Place    | Note
-------+----------+-------------------------------------------
     0 | D:1      | GorkyZ the Demonspawn Fighter began the quest for the Orb.
     0 | D:1      | Reached XP level 1. HP: 18/18 MP: 1/1
   259 | D:1      | Gained mutation: You are partially covered in slimy green
                  | scales. (AC +2) [demonic ancestry]
   259 | D:1      | Reached XP level 2. HP: 21/24 MP: 2/2
   761 | D:1      | Found a faded altar of an unknown god.
   804 | D:1      | Prayed at the altar of an unknown god.
   804 | D:1      | Became a worshipper of Hepliaklqana the Forgotten
   804 | D:1      | Reached * piety under Hepliaklqana
  1281 | D:2      | Reached XP level 3. HP: 25/26 MP: 3/3
  1497 | D:2      | Identified the amulet "Ladupoif" {Reflect Harm rCorr Str-5
                  | Dex+5 SH+5}
  1856 | D:3      | Reached ** piety under Hepliaklqana
  2224 | D:3      | Reached XP level 4. HP: 8/31 MP: 4/4
  2225 | D:3      | Killed from afar by an orc priest

Illustrated notes

Levels and vault maps discovered:
D:1:      tarquinn_simple_flora_water_f, layout_basic,
          ebering_ecumenical_altar_abandoned
D:2:      layout_basic, chequers_serial_rivers_micro_e
D:3:      minmay_goblin_kobold_castle, layout_loops_ring,
          gammafunk_temple_overflow_wave, skrybe_limestone_x

Skill      XL: |  1  2 |
---------------+-------+-----
Maces & Flails | 2 |  2.4
Shields        | 3 |  3.2
Armour         | 3 |  3.1
Fighting       | |  3.5

Action                   |  1- 3 |  4- 6 || total
-------------------------+-------+-------++-------
Melee: Flail             |   143 |     2 ||   145
Armor: Scale mail        |    35 |       ||    35
       Chain mail        |    78 |     5 ||    83
Dodge: Dodged            |    58 |       ||    58
Block: Buckler           |    41 |       ||    41
